Map: Moondance

Players

LiquidClem (Clem)

  • Race: Terran Terran
  • League: Grandmaster
  • Spawn Location: 6:00

LiquidClem (Clem)

  • Race: Terran Terran
  • League: Grandmaster
  • Spawn Location: 6:00

Nice - Winner!

  • Race: Protoss Protoss
  • League: Diamond
  • Spawn Location: 12:00

Event: HomeStory Cup XXII

VOD

Have the link to the VOD?

Description

Nice 2 base Penix+2Collosus allin.

Time

  • Played on: Dec. 15, 2022, 9:06 a.m.
  • Length: 9:04

All games in this series

Show
View Real Time Build Order
Export as new Build Order

LiquidClem Terran 

Build Orders: Reaper Expand 

Get SALT Encoding   

  12  0:00  SCV  
  13  0:12  SCV  
  14  0:16  Supply Depot  
  14  0:24  SCV  
  15  0:38  SCV  
  15  0:40  Barracks  
  16  0:45  Refinery  
  16  0:50  SCV  
  17  1:02  SCV  
  18  1:16  SCV  
  19  1:30  Orbital Command, Reaper  
  20  1:45  Command Center  
  20  1:49  Supply Depot  
  20  1:55  SCV  
  21  2:01  Marine  
  21  2:07  SCV  
  23  2:11  Factory  
  23  2:16  Bunker  
  23  2:19  Marine  
  23  2:22  SCV  
  25  2:30  Refinery  
  25  2:34  SCV  
  26  2:39  Barracks Reactor  
  26  2:46  SCV  
  27  2:57  Orbital Command  
  27  2:58  Starport  
  27  2:59  SCV  
  27  3:00  Hellion  
  30  3:11  SCV  
  31  3:15  Marine x2  
  33  3:22  Widow Mine  
  33  3:23  SCV  
  33  3:24  SCV  
  37  3:28  Supply Depot  
  36  3:35  SCV  
  36  3:36  SCV  
  36  3:38  Viking  
  36  3:41  Barracks  
  40  3:46  Marine  
  40  3:47  SCV, Marine  
  40  3:48  SCV  
  44  3:51  Factory Tech Lab  
  44  3:59  SCV  
  44  4:00  SCV, Barracks  
  46  4:04  Marine  
  46  4:05  Marine  
  46  4:08  Supply Depot  
  48  4:10  Starport Tech Lab  
  48  4:12  Cyclone  
  48  4:14  SCV  
  48  4:15  SCV  
  53  4:21  Supply Depot  
  53  4:24  Engineering Bay  
  53  4:26  Marine  
  53  4:29  Marine  
  53  4:30  SCV x2  
  57  4:40  Stimpack, Marine  
  57  4:42  SCV x2  
  57  4:44  Refinery  
  58  4:47  Marine  
  58  4:52  Supply Depot, Terran Infantry Weapons Level 1  
  59  4:54  SCV x2, Combat Shield  
  59  4:55  Marine  
  59  4:57  Marine  
  59  4:59  Marine  
  64  5:05  Marine  
  64  5:06  SCV x2  
  63  5:13  Marine  
  62  5:14  Marine  
  62  5:15  Factory Reactor  
  62  5:18  SCV x2, Starport Reactor  
  65  5:21  Refinery  
  65  5:22  Marine  
  65  5:23  Marine  
  67  5:30  SCV x2, Marine  
  67  5:32  Marine  
  68  5:40  Marine  
  69  5:42  SCV x2  
  69  5:44  Marine  
  71  5:50  Marine  
  71  5:53  Widow Mine x2  
  71  5:54  SCV  
  71  5:55  SCV  
  78  5:57  Supply Depot, Marauder  
  78  6:09  Supply Depot  
  78  6:16  Supply Depot  
  78  6:18  Medivac, SCV x2  
  78  6:19  Widow Mine x2, Marine  
  86  6:31  SCV x2, Marauder x2, Marine  
  93  6:38  Medivac  
  95  6:40  Marine  
  95  6:43  SCV x2  
  95  6:44  Command Center  
  98  6:49  Concussive Shells  
  98  6:54  Supply Depot  
  98  6:56  Terran Infantry Armor Level 1  
  98  6:58  Marauder  
  100  7:02  Marauder  
  100  7:04  SCV  
  102  7:12  Factory Tech Lab  
  102  7:14  Missile Turret  
  102  7:15  SCV  
  103  7:16  Supply Depot, SCV  
  103  7:20  Viking  
  106  7:25  Viking  
  108  7:33  SCV x2  
  108  7:36  Supply Depot  
  110  7:38  Siege Tank  
  110  7:39  Marauder  
  110  7:40  Marauder  
  117  7:46  SCV  
  117  7:47  SCV, Barracks  
  117  7:51  Barracks  
  117  7:55  Viking  
  117  8:01  SCV, Viking  
  117  8:04  Marauder  
  118  8:10  Siege Tank  
  120  8:14  Marauder  
  120  8:18  Marine x2  
  120  8:27  Marauder  
  120  8:33  Orbital Command  
  120  8:35  Marauder  
  119  8:43  Marine x2  
Show
View Real Time Build Order
Export as new Build Order

LiquidClem Terran 

Build Orders: Reaper Expand 

Get SALT Encoding   

  12  0:00  SCV  
  13  0:12  SCV  
  14  0:16  Supply Depot  
  14  0:24  SCV  
  15  0:38  SCV  
  15  0:40  Barracks  
  16  0:45  Refinery  
  16  0:50  SCV  
  17  1:02  SCV  
  18  1:16  SCV  
  19  1:30  Orbital Command, Reaper  
  20  1:45  Command Center  
  20  1:49  Supply Depot  
  20  1:55  SCV  
  21  2:01  Marine  
  21  2:07  SCV  
  23  2:11  Factory  
  23  2:16  Bunker  
  23  2:19  Marine  
  23  2:22  SCV  
  25  2:30  Refinery  
  25  2:34  SCV  
  26  2:39  Barracks Reactor  
  26  2:46  SCV  
  27  2:57  Orbital Command  
  27  2:58  Starport  
  27  2:59  SCV  
  27  3:00  Hellion  
  30  3:11  SCV  
  31  3:15  Marine x2  
  33  3:22  Widow Mine  
  33  3:23  SCV  
  33  3:24  SCV  
  37  3:28  Supply Depot  
  36  3:35  SCV  
  36  3:36  SCV  
  36  3:38  Viking  
  36  3:41  Barracks  
  40  3:46  Marine  
  40  3:47  SCV, Marine  
  40  3:48  SCV  
  44  3:51  Factory Tech Lab  
  44  3:59  SCV  
  44  4:00  SCV, Barracks  
  46  4:04  Marine  
  46  4:05  Marine  
  46  4:08  Supply Depot  
  48  4:10  Starport Tech Lab  
  48  4:12  Cyclone  
  48  4:14  SCV  
  48  4:15  SCV  
  53  4:21  Supply Depot  
  53  4:24  Engineering Bay  
  53  4:26  Marine  
  53  4:29  Marine  
  53  4:30  SCV x2  
  57  4:40  Stimpack, Marine  
  57  4:42  SCV x2  
  57  4:44  Refinery  
  58  4:47  Marine  
  58  4:52  Supply Depot, Terran Infantry Weapons Level 1  
  59  4:54  SCV x2, Combat Shield  
  59  4:55  Marine  
  59  4:57  Marine  
  59  4:59  Marine  
  64  5:05  Marine  
  64  5:06  SCV x2  
  63  5:13  Marine  
  62  5:14  Marine  
  62  5:15  Factory Reactor  
  62  5:18  SCV x2, Starport Reactor  
  65  5:21  Refinery  
  65  5:22  Marine  
  65  5:23  Marine  
  67  5:30  SCV x2, Marine  
  67  5:32  Marine  
  68  5:40  Marine  
  69  5:42  SCV x2  
  69  5:44  Marine  
  71  5:50  Marine  
  71  5:53  Widow Mine x2  
  71  5:54  SCV  
  71  5:55  SCV  
  78  5:57  Supply Depot, Marauder  
  78  6:09  Supply Depot  
  78  6:16  Supply Depot  
  78  6:18  Medivac, SCV x2  
  78  6:19  Widow Mine x2, Marine  
  86  6:31  SCV x2, Marauder x2, Marine  
  93  6:38  Medivac  
  95  6:40  Marine  
  95  6:43  SCV x2  
  95  6:44  Command Center  
  98  6:49  Concussive Shells  
  98  6:54  Supply Depot  
  98  6:56  Terran Infantry Armor Level 1  
  98  6:58  Marauder  
  100  7:02  Marauder  
  100  7:04  SCV  
  102  7:12  Factory Tech Lab  
  102  7:14  Missile Turret  
  102  7:15  SCV  
  103  7:16  Supply Depot, SCV  
  103  7:20  Viking  
  106  7:25  Viking  
  108  7:33  SCV x2  
  108  7:36  Supply Depot  
  110  7:38  Siege Tank  
  110  7:39  Marauder  
  110  7:40  Marauder  
  117  7:46  SCV  
  117  7:47  SCV, Barracks  
  117  7:51  Barracks  
  117  7:55  Viking  
  117  8:01  SCV, Viking  
  117  8:04  Marauder  
  118  8:10  Siege Tank  
  120  8:14  Marauder  
  120  8:18  Marine x2  
  120  8:27  Marauder  
  120  8:33  Orbital Command  
  120  8:35  Marauder  
  119  8:43  Marine x2  
Show
View Real Time Build Order
Export as new Build Order

Nice Protoss - Winner!

Build Orders: 1 Gate Expand, Phoenix Opening, Colossus Rush 

Get SALT Encoding   

  12  0:00  Probe  
  13  0:12  Probe  
  14  0:19  Pylon  
  14  0:24  Probe  
  15  0:37  Probe (Chrono Boost), Gateway  
  16  0:47  Assimilator  
  16  0:48  Probe (Chrono Boost)  
  17  0:52  Probe (Chrono Boost)  
  18  1:03  Probe  
  19  1:16  Probe  
  20  1:26  Cybernetics Core  
  20  1:33  Nexus  
  20  1:40  Pylon  
  20  1:48  Assimilator, Probe  
  21  2:00  Adept (Chrono Boost), Probe  
  22  2:05  Shield Battery  
  24  2:12  Probe  
  25  2:22  Adept  
  25  2:24  Probe (Chrono Boost)  
  25  2:29  Stargate  
  28  2:35  Probe (Chrono Boost)  
  29  2:37  Warp Gate  
  29  2:40  Probe (Chrono Boost)  
  30  2:48  Probe (Chrono Boost)  
  31  2:52  Adept  
  31  2:58  Probe x2 (Chrono Boost)  
  35  3:05  Probe x2  
  36  3:11  Pylon  
  37  3:15  Phoenix (Chrono Boost)  
  37  3:18  Probe x2  
  39  3:30  Probe x2  
  41  3:38  Robotics Facility  
  41  3:40  Phoenix (Chrono Boost)  
  43  3:42  Probe x2  
  43  3:47  Pylon  
  45  3:52  Assimilator  
  45  3:54  Probe x2  
  45  3:55  Assimilator  
  47  4:02  Shield Battery  
  47  4:03  Phoenix (Chrono Boost)  
  47  4:06  Probe  
  47  4:07  Probe  
  51  4:18  Probe  
  51  4:19  Probe  
  51  4:21  Phoenix  
  55  4:25  Pylon  
  55  4:30  Probe  
  56  4:31  Probe  
  56  4:32  Robotics Bay  
  57  4:43  Probe x2  
  57  4:44  Observer  
  57  4:45  Gateway  
  60  4:49  Gateway  
  60  4:54  Phoenix  
  60  4:55  Probe x2  
  64  5:12  Phoenix  
  58  5:19  Gateway x2, Colossus (Chrono Boost)  
  66  5:29  Gateway  
  66  5:42  Extended Thermal Lance (Chrono Boost)  
  64  5:44  Phoenix  
  66  5:50  Gateway  
  66  5:52  Gateway  
  66  5:55  Pylon  
  66  5:57  Pylon  
  66  5:58  Zealot x2  
  66  6:01  Pylon  
  70  6:05  Pylon  
  70  6:11  Colossus (Chrono Boost)  
  70  6:16  Phoenix  
  78  6:20  Pylon  
  78  6:25  Zealot x2, Sentry  
  84  6:41  Phoenix  
  86  6:51  Warp Prism (Chrono Boost)  
  88  6:55  Sentry  
  88  6:56  Zealot x4  
  98  7:06  Phoenix  
  100  7:09  Stalker, Sentry  
  104  7:22  Stalker  
  106  7:24  Stalker, Zealot  
  110  7:42  Pylon  
  110  7:44  Pylon  
  110  7:46  Pylon  
  110  8:00  Phoenix  
  110  8:03  Stalker  
  110  8:04  Stalker x5  
  124  8:05  Zealot  
  117  8:24  Stalker  
  119  8:27  Stalker x2  
  119  8:28  Stalker x2, Zealot x3  
  107  8:52  Stalker  
  107  8:53  Stalker x2, Zealot x4  
Tags
 
Add a new tag
Caveats
  • Supply blocks, unpowered buildings, or Contaminate may cause inaccurate times.
  • Supply counts are checked every 10 seconds.